[Event "Slovakian-ch Youth 2022"]
[Site "Lubovna"]
[Date "2022.05.22"]
[Round "1.7"]
[White "Bidulsky, Matej"]
[Black "Gyerpal, Adrian"]
[Result "0-1"]
[ECO "B10"]
[WhiteElo "1800"]
[BlackElo "2171"]
[Annotator "TA"]
[PlyCount "154"]
[EventDate "2022.05.22"]
[EventCountry "SVK"]
[SourceTitle "playchess.com"]
[Source "ChessBase"]
[SourceQuality "1"]
[TimeControl "40/5400+30:1800+30"]

1. e4 c6 2. c4 d5 3. cxd5 cxd5 4. exd5 Nf6 5. Bb5+ Nbd7 6. Nc3 a6 {[%emt 0:00:28] 6...g6 is the modern continuation.} 7. Be2 (7. Bxd7+ $5 Qxd7 8. Nf3 $11) 7... g6 {[%emt 0:01:33] B10: Caro-Kann: 2 d3 and 2 c4.} 8. Bf3 {[%emt 0:00:29] [#]} Ne5 $146 ({Predecessor:} 8... Bg7 9. Nge2 O-O 10. d4 Nb6 11. Nf4 Nc4 12. O-O Nd6 13. Re1 Re8 14. h3 b5 15. a3 {1-0 (33) Genrech,L-Quintanar,S Dos Hermanas 2003}) 9. d4 Nxf3+ {[%emt 0:00:20] The position is equal.} 10. Qxf3 (10. Nxf3 $11 Nxd5 11. Qb3) 10... Bg7 $15 11. h3 O-O {[%emt 0:02:30][%mdl 1024] Black has compensation.} 12. Nge2 Qd7 13. g4 (13. d6 $11 {keeps the balance.}) 13... b5 $17 14. Nf4 Bb7 15. g5 {[%emt 0:00:08] [#]} Nxd5 16. Ncxd5 ({Avoid the trap} 16. Nfxd5 $2 b4 17. Qg4 Qxg4 18. hxg4 bxc3 19. Nxe7+ Kh8) 16... Rad8 17. Be3 Bxd5 18. Nxd5 Qxd5 19. Qxd5 Rxd5 20. Rd1 Rfd8 21. Ke2 Bxd4 22. Rxd4 Rxd4 23. Bxd4 Rxd4 {[%emt 0:00:06][%mdl 4096] Endgame KR-KR} 24. Rc1 Ra4 25. a3 Rh4 26. Rc3 Kg7 27. Kd2 Rd4+ (27... b4 $142 28. Rf3 a5) 28. Ke3 Rd6 29. f4 h6 30. h4 h5 31. Rc7 ({White should play} 31. b4 $15) 31... Re6+ 32. Kf3 f6 33. Rc5 fxg5 34. hxg5 Rd6 35. Ke4 Kf7 36. f5 $2 (36. Rc1 $17) 36... gxf5+ $19 37. Kxf5 $2 {[%emt 0:00:10] [#]} (37. Rxf5+ Kg6 38. Rc5) 37... e6+ $2 (37... Rd5+ $3 38. Rxd5 (38. Ke4 Rxc5) 38... e6+ 39. Ke4 exd5+ 40. Kxd5 Kg6) 38. Kf4 Rd4+ 39. Ke3 $2 (39. Kf3 $17 {was worth a try.}) 39... Rc4 40. Re5 (40. b4 {was the crucial defense.}) 40... Rc2 $1 41. g6+ Kf6 42. g7 Rg2 $2 (42... Kxg7 $19 43. Rxe6 h4 44. Rxa6 Rxb2 45. Ra7+ Kg6) 43. Kf3 $1 $11 Rxg7 (43... Rg1 $5 44. Rxh5 Rxg7 $17) 44. Rxh5 Rd7 {[%emt 0:00:00] And now ...Rd2 would win.} 45. Ke3 {[%emt 0:00:00] Prevents Rd2.} Rd5 46. Rh7 Ke5 47. Rc7 Rd6 48. b3 Kd5 49. Rc3 $2 {[%emt 0:00:00][%mdl 8192] [#] Black continues to play with concentration.} (49. Rc8 $11) 49... Rc6 $1 $19 50. Rd3+ Ke5 {[%emt 0:00:00] ...Rc2 is the strong threat.} 51. Ke2 Rc2+ 52. Kd1 {[%emt 0:00:00] [#]} Ra2 $1 53. b4 Ke4 54. Rh3 Kd4 55. Kc1 Re2 56. Rh4+ Kd3 57. Rh8 Rc2+ 58. Kd1 Rc3 59. Rh4 Rc6 (59... Rb3 $142 60. Kc1 Kc3 61. Rh3+ Kc4 62. Rh4+ Kd5) 60. Rh3+ Kd4 61. Kd2 e5 {[%emt 0:00:25][%cal Be6e5,Be5e4][%mdl 32] aiming for ...e4.} 62. Rh8 e4 63. Rd8+ Ke5 64. Re8+ Re6 65. Rc8 Rd6+ 66. Ke2 Rd3 67. Re8+ Kd4 68. Rd8+ Kc4 69. Rc8+ Kb3 70. Re8 Rd4 71. Re6 Kxa3 72. Rxa6+ Kxb4 73. Ra8 {[%emt 0:00:00] Black mates.} Kb3 74. Rb8 b4 75. Rh8 Kc3 76. Rc8+ Rc4 77. Rb8 Kc2 {[%emt 0:00:27] Weighted Error Value: White=0.85/Black=0.36} 0-1

[Event "Slovakian-ch Youth 2022"]
[Site "Lubovna"]
[Date "2022.05.22"]
[Round "1.8"]
[White "Nadzamova, Viktoria"]
[Black "Sokolovsky, Jakub"]
[Result "1-0"]
[ECO "B90"]
[WhiteElo "2135"]
[BlackElo "1613"]
[Annotator "TA"]
[PlyCount "93"]
[EventDate "2022.05.22"]
[EventCountry "SVK"]
[SourceTitle "playchess.com"]
[Source "ChessBase"]
[SourceQuality "1"]
[TimeControl "40/5400+30:1800+30"]

1. e4 c5 2. Nf3 d6 3. d4 cxd4 4. Nxd4 Nf6 5. Nc3 a6 6. f3 e5 7. Nb3 Be7 8. Be3 Be6 9. Qd2 Nbd7 10. g4 b5 11. g5 Nh5 12. Nd5 {[%emt 0:03:31] B90: Sicilian Najdorf: Unusual White 6th moves, 6 Be3 Ng4 and 6 Be3 e5.} Bxd5 13. exd5 (13. Qxd5 $11 O-O 14. Rg1) 13... Nf4 $1 $15 14. h4 {[%emt 0:04:47] Black is slightly better.} h6 15. Na5 (15. Bxf4 $15 exf4 16. gxh6 Bxh4+ 17. Kd1 Rxh6 18. a4) 15... hxg5 $17 16. Nc6 Qc7 {[%emt 0:01:18] [#]} 17. Nxe7 $146 (17. h5 $142) ({Predecessor:} 17. O-O-O Rc8 18. Bxf4 gxf4 19. Bh3 Rxh4 20. Qg2 g6 21. Kb1 Bf6 22. Be6 Nf8 23. Bxc8 Qxc8 24. Rxh4 Bxh4 {0-1 (46) Abrahamyan,T (2385)-Przybylski,W (2312) Chess.com INT 2019}) 17... Kxe7 18. Rg1 Rxh4 19. Rxg5 g6 20. O-O-O Rah8 21. Bxf4 Rxf4 22. Rxe5+ Nxe5 23. Qxf4 Rh5 (23... Qc5 $17 24. Re1 Qf2) 24. Qe4 (24. Qg3 $15) 24... Kf8 (24... Qc5 $17 25. Be2 (25. f4 Rh4 $17) 25... Rh2) 25. Re1 $2 (25. f4 $15 Nd7 26. Qf3 (26. Re1 Nf6 $15)) 25... Rh2 $19 {[%emt 0:04:58] Strongly threatening ...f5.} 26. c3 $2 (26. Re2 Rh1 27. Re1) 26... b4 $2 ({Better is} 26... Qb6 $19 {White must now prevent ...Qf2.} 27. Qe3 Qxe3+ 28. Rxe3 Rh1) 27. Qxb4 ({White has to play} 27. f4 $1 $16 bxc3 28. fxe5) 27... Nxf3 $11 28. Re3 Ne5 29. Rxe5 $1 $18 a5 30. Qa3 (30. Qf4 $142) 30... Qb6 31. Re4 $2 ({White should play} 31. Be2 $18) 31... Qf2 (31... Rh1 $1 $11 32. Re1 Rxf1 33. Rxf1 Qe3+ 34. Kd1 Qd3+ 35. Ke1 Qe3+ 36. Kd1 Qd3+ 37. Ke1 Qe3+ 38. Kd1) 32. Qxd6+ Kg8 33. Qd8+ $2 (33. Be2 $18 {Threatens to win with Re8+.} Qe1+ 34. Kc2 Rxe2+ 35. Rxe2 Qxe2+ 36. Kb3) 33... Kh7 $16 34. Be2 Qe1+ 35. Kc2 Rxe2+ 36. Rxe2 Qxe2+ $14 {[%emt 0:00:14][%mdl 4096] Endgame KQ-KQ} 37. Kb3 Qb5+ {[%emt 0:00:03] [#]} 38. Ka3 $1 Qc5+ 39. Ka4 {[%emt 0:01:01] White is more active.} Qc4+ 40. Ka3 (40. Kxa5 $14 Qxa2+ 41. Kb5 Qxb2+ 42. Kc4) 40... Qc5+ $11 41. Ka4 (41. Kb3 $11 Qb5+ 42. Ka3 Qc5+) 41... Qc4+ $14 42. b4 (42. Kxa5 $14 Qxa2+ 43. Kb5 Qxb2+ 44. Kc4) 42... Qxa2+ $2 (42... axb4 $11 43. cxb4 Qa6+ 44. Qa5 Qe2) 43. Kb5 $18 a4 (43... axb4 44. cxb4 Qd2 45. Qh4+ Kg8) 44. Qh4+ Kg8 45. Qd4 {[%emt 0:00:30] Hoping for d6.} a3 {[%emt 0:00:30] [#]} 46. d6 $1 {[%emt 0:00:30][%cal Bd5d6,Bd6d7][%mdl 32] Threatening mate with d7.} Qb2 47. d7 {[%emt 0:00:30] Never resign too early!  Weighted Error Value: White=0.72/Black=0.97} 1-0

[Event "Slovakian-ch Youth 2022"]
[Site "Lubovna"]
[Date "2022.05.21"]
[Round "1.8"]
[White "Krivosik, Matus"]
[Black "Magda, Filip"]
[Result "0-1"]
[ECO "A48"]
[WhiteElo "1224"]
[BlackElo "1624"]
[Annotator "NA COMBH"]
[PlyCount "64"]
[EventDate "2022.05.22"]
[EventCountry "SVK"]
[SourceTitle "playchess.com"]
[Source "ChessBase"]
[SourceQuality "1"]
[TimeControl "40/5400+30:1800+30"]

1. d4 Nf6 2. Bf4 g6 3. Nf3 Bg7 4. Qd2 O-O 5. Bh6 d6 6. Bxg7 Kxg7 7. Nc3 c5 8. d5 Na6 9. O-O-O Nc7 10. h3 b5 11. g4 h6 12. g5 hxg5 13. Qxg5 b4 14. Nb1 Bb7 15. c4 bxc3 16. Nxc3 e6 17. dxe6 Nxe6 18. Qd2 d5 19. Bg2 d4 20. Nb5 Ne4 21. Qe1 Qb6 22. Na3 N4g5 23. Nc4 Qa6 24. Na5 Nxf3 25. Bxf3 Bxf3 26. exf3 Rab8 27. Kb1 Rb5 28. Nc4 Rfb8 29. Rd2 Rb4 30. Ne5 Qb7 31. Qe2 Nf4 32. Qf1 Rxb2+ 0-1

[Event "Slovakian-ch Youth 2022"]
[Site "Lubovna"]
[Date "2022.05.21"]
[Round "1.9"]
[White "Visvader, Kristof"]
[Black "Valchev, Martin V"]
[Result "1-0"]
[ECO "C01"]
[WhiteElo "1607"]
[BlackElo "1193"]
[Annotator "NA COMBH"]
[PlyCount "81"]
[EventDate "2022.05.22"]
[EventCountry "SVK"]
[SourceTitle "playchess.com"]
[Source "ChessBase"]
[SourceQuality "1"]
[TimeControl "40/5400+30:1800+30"]

1. e4 e6 2. d4 d5 3. exd5 exd5 4. Nf3 Nf6 5. Bd3 Nc6 6. O-O Bd6 7. Re1+ Be6 8. Bf5 Qd7 9. Qe2 Nd8 10. Ng5 Be7 11. Bxe6 Nxe6 12. Nxe6 fxe6 13. Qxe6 Qxe6 14. Rxe6 Kd7 15. Re2 Rae8 16. c3 Bd6 17. Rxe8 Rxe8 18. Bd2 Bf4 19. f3 Nh5 20. g3 Be3+ 21. Bxe3 Rxe3 22. Kf2 Re6 23. Nd2 c6 24. Re1 Rxe1 25. Kxe1 g6 26. Kf2 Kd6 27. Ke3 g5 28. f4 gxf4+ 29. gxf4 Ke6 30. Nf1 Kf5 31. Ng3+ Nxg3 32. hxg3 Kg4 33. b3 h5 34. Kf2 a6 35. a4 h4 36. gxh4 Kxf4 37. h5 Kg5 38. Ke3 Kxh5 39. Kf4 Kg6 40. Ke5 Kf7 41. Kd6 1-0

[Event "Slovakian-ch Youth 2022"]
[Site "Lubovna"]
[Date "2022.05.22"]
[Round "1.9"]
[White "Babjak, Samuel"]
[Black "Rucek, Kristian"]
[Result "0-1"]
[ECO "D47"]
[WhiteElo "1577"]
[BlackElo "2128"]
[Annotator "TA"]
[PlyCount "97"]
[EventDate "2022.05.22"]
[EventCountry "SVK"]
[SourceTitle "playchess.com"]
[Source "ChessBase"]
[SourceQuality "1"]
[TimeControl "40/5400+30:1800+30"]

1. d4 d5 2. c4 e6 3. Nc3 c6 4. Nf3 Nf6 5. e3 Nbd7 6. Bd3 dxc4 7. Bxc4 b5 8. Be2 Bb7 9. O-O a6 10. e4 b4 {[%emt 0:03:22] D47: Semi-Slav: Meran System.} 11. e5 bxc3 12. exf6 gxf6 {[%emt 0:06:44] White is slightly better.} 13. bxc3 Bd6 {[%emt 0:00:58] [#]} (13... c5 $16 {might work better.}) 14. Bh6 $146 (14. Rb1 $18 Rb8 15. c4) ({Predecessor:} 14. c4 c5 15. d5 Qc7 16. Rb1 Ke7 17. Re1 Rag8 18. Bf1 Ne5 19. Nxe5 fxe5 20. Qh5 {½-½ (50) Tunik,G (2442)-Korobov,A (2411) Bor 2000}) 14... Rg8 (14... c5 $142) 15. Re1 ({Don't play} 15. Qb1 $6 Qc7 $16) ({White should try} 15. c4) 15... c5 $16 16. Bc4 ({White should play} 16. Rb1 $16 Qc7 17. Kh1) 16... cxd4 $11 17. cxd4 Nb6 (17... Bxh2+ $11 18. Kf1 (18. Nxh2 $2 Rxg2+ 19. Kf1 Rxh2 $19) 18... Nb6) 18. Bd3 f5 (18... Bb4 $14) 19. Bd2 $16 Rxg2+ $2 20. Kxg2 $18 Qh4 21. Be4 $4 Bxe4 22. Rxe4 Qxe4 23. Rb1 Nd5 24. Qa4+ Ke7 25. Rb7+ (25. Rb3 $142) 25... Nc7 $2 (25... Kf6 $19 {has better winning chances. ( -> ...Rg8+)} 26. Qd1 Rg8+ 27. Kf1 {[#]} Ne3+ $1 28. Bxe3 Qxb7) 26. Qb3 $17 Qe2 {[%emt 0:02:54] Threatens to win with ...Rg8+. The board is on fire.} 27. Rxc7+ $2 Bxc7 $19 28. Qb7 Rg8+ 29. Bg5+ Kd6 {[%emt 0:00:34] Hoping for ...f6.} 30. Qb4+ Kd7 31. Qe7+ Kc8 {[%emt 0:01:12] ...Qe4 is the strong threat.} 32. Qxf7 {[%emt 0:01:38] [#]} Rxg5+ 33. Nxg5 {[%emt 0:00:08][%mdl 4096] Endgame KQB-KQN} Qg4+ 34. Kf1 Qd1+ 35. Kg2 Qg4+ 36. Kf1 Qxg5 37. Qxe6+ Kb7 38. Qd5+ Kb8 39. Qb3+ Ka7 40. Qc4 Qe7 41. h3 f4 42. Qd5 h6 43. Qc6 (43. Kg2 $142) 43... Qd6 44. Qe4 a5 45. Kg2 Qf6 46. Qh7 $2 (46. d5 $19) 46... f3+ {[%emt 0:00:18] Black mates.} 47. Kf1 Qc6 48. Qb1 Qc4+ 49. Ke1 {[%emt 0:00:37] Weighted Error Value: White=0.67/Black=0.63} 0-1

[Event "Slovakian-ch Youth 2022"]
[Site "Lubovna"]
[Date "2022.05.22"]
[Round "1.10"]
[White "Petrek, Dominik"]
[Black "Kostura, Daniel"]
[Result "1-0"]
[ECO "E16"]
[WhiteElo "2110"]
[BlackElo "1510"]
[Annotator "TA"]
[PlyCount "37"]
[EventDate "2022.05.22"]
[EventCountry "SVK"]
[SourceTitle "playchess.com"]
[Source "ChessBase"]
[SourceQuality "1"]
[TimeControl "40/5400+30:1800+30"]

1. Nf3 Nf6 2. c4 e6 3. d4 Bb4+ 4. Nbd2 b6 5. g3 Bb7 6. Bg2 O-O 7. O-O c5 {[%emt 0:01:57] E16: Queen's Indian: 4 g3 Bb7 5 Bg2 Bb4+.} 8. Nb3 $1 {[%emt 0:03:17] next a3 is good for White.} cxd4 9. Nbxd4 {[%emt 0:00:49] [#]} Qc7 $146 {[%emt 0:04:10] The position is equal.} ({Predecessor:} 9... a6 10. Qb3 Be7 11. Rd1 d6 12. h3 Nbd7 13. Qe3 Qc7 14. b3 Rfe8 15. Bb2 Rac8 {0-1 (27) Pakleza,Z (2501)-Jakubowski,K (2459) Chess.com INT 2021}) 10. a3 Be7 11. b3 Ne4 12. Bb2 $36 {[%emt 0:05:26][%mdl 2048] White has the initiative.} f5 13. Rc1 Bf6 (13... a6 $11 {keeps the balance.}) 14. Nb5 $16 Qc6 (14... Qd8 $16 15. Bxf6 gxf6) 15. Bxf6 $18 Nxf6 16. Nd6 {[%emt 0:03:51] Hoping for Nh4.} Rd8 $2 {[%emt 0:06:31] [#]} (16... Qc7 $16 17. Nxb7 Qxb7) 17. b4 Ne4 18. Nxe4 Qxe4 (18... fxe4 19. Ng5 Qc7 20. Nxe4 (20. Bxe4 Bxe4 21. Nxe4 Nc6 $18) 20... h6) 19. Nh4 {[%emt 0:00:34] Weighted Error Value: White=0.08 (flawless) /Black=0.40} 1-0

[Event "Slovakian-ch Youth 2022"]
[Site "Lubovna"]
[Date "2022.05.21"]
[Round "1.10"]
[White "Toth, Marton"]
[Black "Gollner, Martin"]
[Result "0-1"]
[ECO "A56"]
[WhiteElo "1849"]
[BlackElo "1585"]
[Annotator "NA COMBH"]
[PlyCount "92"]
[EventDate "2022.05.22"]
[EventCountry "SVK"]
[SourceTitle "playchess.com"]
[Source "ChessBase"]
[SourceQuality "1"]
[TimeControl "40/5400+30:1800+30"]

1. d4 Nf6 2. c4 c5 3. e3 cxd4 4. exd4 d5 5. Nf3 Nc6 6. Nc3 Bg4 7. cxd5 Bxf3 8. Qxf3 Nxd4 9. Qd3 e5 10. Be3 Bc5 11. Bxd4 Bxd4 12. Qb5+ Qd7 13. Qxd7+ Kxd7 14. Nb5 Bb6 15. g3 Rac8 16. Bh3+ Ke7 17. d6+ Kd8 18. Bxc8 Kxc8 19. Rc1+ Kd7 20. Nc3 Kxd6 21. O-O h5 22. h3 Nh7 23. Rfd1+ Ke6 24. Ne4 f5 25. Nc5+ Kf6 26. Rd6+ Kf7 27. Rd7+ Kg6 28. Nxb7 Nf6 29. Rc6 h4 30. Kg2 hxg3 31. fxg3 Rb8 32. Re7 e4 33. Nd6 e3 34. Nc4 Bd4 35. Nxe3 Rxb2+ 36. Rc2 Rb5 37. Rc6 Ra5 38. a3 Rxa3 39. Nc2 Ra2 40. Kf3 Bb6 41. Ne3 Bd4 42. Rd7 Bb6 43. g4 f4 44. Nd1 Ra3+ 45. Rc3 Rxc3+ 46. Nxc3 Nxd7 0-1

[Event "Slovakian-ch Youth 2022"]
[Site "Lubovna"]
[Date "2022.05.21"]
[Round "1.11"]
[White "Pongo, Aron"]
[Black "Kurimsky, Kristian"]
[Result "1-0"]
[ECO "D15"]
[WhiteElo "1566"]
[BlackElo "1006"]
[Annotator "NA COMBH"]
[PlyCount "71"]
[EventDate "2022.05.22"]
[EventCountry "SVK"]
[SourceTitle "playchess.com"]
[Source "ChessBase"]
[SourceQuality "1"]
[TimeControl "40/5400+30:1800+30"]

1. d4 d5 2. c4 c6 3. Nc3 Nf6 4. Nf3 Bf5 5. cxd5 cxd5 6. Qb3 e6 7. Qxb7 Nbd7 8. Bf4 Be7 9. Bc7 Qc8 10. Qxc8+ Rxc8 11. Bf4 O-O 12. Nh4 Bb4 13. Nxf5 exf5 14. Bd2 Bxc3 15. Bxc3 Ne4 16. Rc1 Nxc3 17. Rxc3 Rxc3 18. bxc3 Rb8 19. g3 Rb1+ 20. Kd2 Rb2+ 21. Kd3 Rxa2 22. Bg2 a5 23. Bxd5 Ra3 24. Rb1 h5 25. Rb7 Nf6 26. Bxf7+ Kf8 27. f3 a4 28. Ra7 Ra1 29. c4 a3 30. c5 g5 31. c6 Rh1 32. c7 Rc1 33. Be6 h4 34. c8=Q+ Rxc8 35. Bxc8 h3 36. Bxf5 1-0

[Event "Slovakian-ch Youth 2022"]
[Site "Lubovna"]
[Date "2022.05.22"]
[Round "1.11"]
[White "Chovanec, Adrian"]
[Black "Vadila, Ondrej"]
[Result "0-1"]
[ECO "B50"]
[WhiteElo "1498"]
[BlackElo "2082"]
[Annotator "TA"]
[PlyCount "73"]
[EventDate "2022.05.22"]
[EventCountry "SVK"]
[SourceTitle "playchess.com"]
[Source "ChessBase"]
[SourceQuality "1"]
[TimeControl "40/5400+30:1800+30"]

1. e4 c5 2. Nf3 g6 3. Bc4 Bg7 4. d3 Nc6 5. c3 d6 6. h3 Nf6 7. O-O O-O 8. Be3 {[%emt 0:02:07] B50: Sicilian: 2...d6, Miscellaneous.} a6 9. a3 b5 10. Bb3 {[%emt 0:01:55] The position is equal.} Bb7 {[%emt 0:04:15] [#]} ({Don't take} 10... c4 11. dxc4 Na5 12. cxb5 $14) 11. Qe2 $146 ({Predecessor:} 11. Nbd2 Qc7 12. Qe2 e5 13. Rac1 Nh5 14. Bd5 Ne7 15. Bxb7 Qxb7 16. b4 Rac8 17. Nb3 cxb4 {0-1 (32) Diaz Mendoza,E (1641)-Amador Garcia,I (1759) Las Palmas 2017}) 11... Na5 12. Ba2 c4 $1 13. Nbd2 cxd3 14. Qxd3 Qc7 15. b4 Nc4 16. Bxc4 bxc4 17. Qc2 e5 18. Bg5 (18. Rad1 $15) 18... d5 19. Bxf6 Bxf6 20. Rad1 Rad8 21. Rfe1 Rfe8 22. exd5 Bxd5 23. Ne4 Bg7 24. Qa4 {[%emt 0:04:37][%cal Od1d5] [#] Hoping for Rxd5!} Bxe4 25. Rxd8 (25. Rxe4 $17 Rxd1+ 26. Qxd1) 25... Rxd8 $19 26. Rxe4 f5 27. Re1 e4 28. Nd4 (28. Ng5 $142 Qd6 29. b5 axb5 30. Qxb5) 28... Bxd4 29. cxd4 Rxd4 30. Qxa6 {[%emt 0:02:28][%mdl 4096] Endgame [#] KQR-KQR} c3 $1 31. Qe6+ (31. Qe2 $142 Rd2 32. Qe3) 31... Kg7 {[%emt 0:00:49] And now ...c2 would win.} 32. Qb3 Rd2 33. Rc1 c2 {[%emt 0:00:28] Strongly threatening ...Qf4.} 34. g3 f4 {[%emt 0:03:45] ( -> ...fxg3)} 35. gxf4 Qxf4 36. Rf1 c1=Q 37. Rxc1 {[%emt 0:02:11] Weighted Error Value: White=1.00/Black=0.04 (flawless)} 0-1

[Event "Slovakian-ch Youth 2022"]
[Site "Lubovna"]
[Date "2022.05.22"]
[Round "1.12"]
[White "Beres, Tomas"]
[Black "Mederly, Jan"]
[Result "1-0"]
[ECO "B01"]
[WhiteElo "2059"]
[BlackElo "1446"]
[Annotator "TA"]
[PlyCount "33"]
[EventDate "2022.05.22"]
[EventCountry "SVK"]
[SourceTitle "playchess.com"]
[Source "ChessBase"]
[SourceQuality "1"]
[TimeControl "40/5400+30:1800+30"]

1. e4 d5 2. exd5 Nf6 3. Bb5+ Nbd7 4. c4 e6 5. dxe6 fxe6 6. d4 {[%emt 0:12:27] B01: Scandinavian Defence.} c6 7. Ba4 {[%emt 0:00:20] [#]} Bb4+ $146 (7... e5 $1 $11 {remains equal.}) ({Predecessor:} 7... e5 8. Ne2 exd4 9. Nxd4 Nb6 10. Bb3 Bb4+ 11. Nc3 Bg4 12. f3 Qe7+ 13. Qe2 O-O-O 14. Qxe7 Bxe7 {1-0 (54) Faerber,D (2285)-Buecker,S (2291) Walldorf 2017}) 8. Nc3 {[%emt 0:14:47] White is better.} O-O 9. Nge2 Ng4 {[%emt 0:18:58] [#]} 10. Bf4 {[%emt 0:09:59] [#]} (10. O-O $1 $16) 10... Nxf2 $1 $11 11. Kxf2 g5 {[%emt 0:02:51] [#]} ({Black should try} 11... e5 $1 $15 12. dxe5 g5) 12. Rf1 $1 {[%emt 0:03:42][%cal Of2g1] aiming for Kg1!} e5 {[%emt 0:04:56][%mdl 64] [#] ...exd4 is the strong threat. Pin} (12... gxf4 13. Kg1) 13. Kg1 $1 exf4 14. Bc2 (14. c5 $1 $11 Kh8 15. a3 Bxc3 16. Nxc3) 14... Nb6 $2 (14... Nf6 $1 $15) 15. c5 $16 Nd5 16. Nxd5 Qxd5 (16... cxd5 $16 17. a3 Ba5) 17. Bb3 {[%emt 0:00:09] Weighted Error Value: White=0.27 (precise) /Black=0.55} 1-0

[Event "Slovakian-ch Youth 2022"]
[Site "Lubovna"]
[Date "2022.05.21"]
[Round "1.12"]
[White "Gourlay, Martin B"]
[Black "Gay, Lukas"]
[Result "0-1"]
[ECO "B01"]
[WhiteElo "1911"]
[BlackElo "1480"]
[Annotator "TA"]
[PlyCount "64"]
[EventDate "2022.05.22"]
[EventCountry "SVK"]
[SourceTitle "playchess.com"]
[Source "ChessBase"]
[SourceQuality "1"]
[TimeControl "40/5400+30:1800+30"]

1. e4 d5 2. exd5 Nf6 3. Nf3 Bg4 4. Be2 Qxd5 5. Nc3 Qa5 6. h3 Bh5 {[%emt 0:00:59] B01: Scandinavian Defence.} 7. d3 Nc6 8. Bd2 {[%emt 0:01:35] [#]} Qc5 $146 (8... O-O-O $11 {remains equal.}) ({Predecessor:} 8... e6 9. O-O Bxf3 10. Bxf3 Qe5 11. Re1 Qd6 12. Nb5 Qd7 13. a3 a6 14. Nc3 Bd6 {1-0 (56) Sinnhoefer,L (1301)-Maul,M (1378) Verden 2016}) 9. Be3 (9. d4 $1 $16 Qd6 10. g4 (10. Nb5 Qd8 $14)) 9... Qd6 $11 10. a3 a6 11. Qd2 O-O-O 12. Ng5 Bg6 13. O-O $36 {[%emt 0:06:00][%mdl 2048] White is pushing.} h6 14. Nf3 Bf5 (14... e5 $11) 15. b4 $16 {[%emt 0:03:08][%cal Bb2b4,Bb4b5][%mdl 32] And now b5 would win.} g5 $2 (15... e5 $16 {might work better.}) 16. b5 $1 $18 Ne5 (16... Nb8 $142 17. Rab1 Bg7) 17. bxa6 bxa6 18. Nxe5 Qxe5 19. d4 Qd6 (19... Qa5 {is a better defense.} 20. Ne4 Qxd2 21. Bxa6+ Kd7 22. Nc5+ (22. Nxd2 Nd5 $16) 22... Ke8 23. Bb5+ (23. Bxd2 Bg7 $16) 23... Nd7 24. Bxd2 Bg7) 20. Ra2 (20. Na4 $18 Be4 21. Nc5 Qxc5 22. dxc5 Rxd2 23. Bxd2) 20... g4 $2 (20... Kd7 $16) 21. hxg4 $2 (21. Bf4 Qc6 22. Rb2 Bg7 $18) (21. Rb2 $18) 21... Nxg4 $16 22. Bxg4 Bxg4 23. Rb2 $1 {[%emt 0:01:49] Strongly threatening Rfb1.} Bf3 24. Rfb1 $4 (24. gxf3 $2 Rg8+ 25. Bg5 (25. Kh1 $2 Qf6 $19) 25... Rxg5+ 26. Qxg5 hxg5 $19) (24. Qd3 $18 Ba8 25. Rfb1) 24... Rg8 $2 (24... Qg6 $1 $19 25. Rb8+ Kd7) 25. Rb8+ (25. Qd3 $1 $14 {was preferrable.} Bxg2 26. Qf5+ Qe6 27. Rb8+ Kd7 28. Qxe6+ (28. Rxd8+ Kxd8 29. Rb8+ Kd7 $11) 28... fxe6 29. Rxd8+ Kxd8 30. Rb8+ Kd7 31. Rxf8 $1 Rxf8 32. Kxg2) 25... Kd7 $11 {[%emt 0:00:22] The board is on fire.} 26. Rxd8+ Kxd8 27. Bf4 $2 ({Much less strong is} 27. Rb8+ Kd7 28. Qd3 (28. Rxf8 Rxg2+ 29. Kf1 Qh2) 28... Bxg2 29. Rxf8 (29. Qf5+ Kc6 $17) 29... Be4+ 30. Rxg8 Bxd3 31. cxd3 Qxa3 $14) (27. Qd3 $11 Bxg2 28. Rb8+ Kd7 {[#]} 29. Rxf8 $1 (29. Qf5+ Kc6 $17) 29... Be4+ 30. Rxg8 Bxd3 31. cxd3) 27... Rxg2+ {[%emt 0:02:48] Black mates.} 28. Kf1 {[%emt 0:00:16] [#]} Rh2 $1 29. Rb8+ (29. Ne2 Rh1+) 29... Kd7 30. Bxh2 Qxh2 31. Ne2 Qh1+ 32. Ng1 Qg2+ {[%emt 0:00:04][%mdl 64] Deflection. Never resign too early!  Weighted Error Value: White=0.78/Black=0.88} 0-1

[Event "Slovakian-ch Youth 2022"]
[Site "Lubovna"]
[Date "2022.05.21"]
[Round "1.13"]
[White "Polomsky, Tomas"]
[Black "Horvath, Simon"]
[Result "1-0"]
[ECO "C65"]
[WhiteElo "1467"]
[BlackElo "1343"]
[Annotator "NA COMBH"]
[PlyCount "105"]
[EventDate "2022.05.22"]
[EventCountry "SVK"]
[SourceTitle "playchess.com"]
[Source "ChessBase"]
[SourceQuality "1"]
[TimeControl "40/5400+30:1800+30"]

1. e4 e5 2. Nf3 Nc6 3. Bb5 Nf6 4. Bxc6 dxc6 5. d3 Bd6 6. Nbd2 O-O 7. Nc4 Re8 8. Bg5 h6 9. Bh4 Bg4 10. Ne3 Bxf3 11. Qxf3 Be7 12. Nf5 b5 13. O-O a6 14. Qg3 Nh5 15. Nxe7+ Qxe7 16. Qg4 Nf6 17. Qf5 Qe6 18. f4 Qxf5 19. exf5 e4 20. Bxf6 gxf6 21. dxe4 Rxe4 22. Rad1 Re2 23. Rf2 Rxf2 24. Kxf2 c5 25. Rd5 c4 26. Rc5 Rd8 27. Ke3 Rc8 28. Rc6 Re8+ 29. Kd2 Rd8+ 30. Kc3 Kg7 31. Rxa6 Re8 32. Rc6 Re2 33. Rxc7 Rxg2 34. Rd7 Rxh2 35. Rd2 Rxd2 36. Kxd2 h5 37. Ke3 h4 38. Kf3 Kh6 39. Kg4 Kg7 40. Kxh4 Kf8 41. b3 c3 42. a4 bxa4 43. bxa4 Ke8 44. Kh5 Kd7 45. Kh6 Kc6 46. Kg7 Kd5 47. a5 Kc6 48. Kxf7 Kb5 49. Kxf6 Kxa5 50. Ke5 Kb4 51. f6 Ka3 52. Kd4 Kb2 53. Kd3 1-0